 Dungeon Crawl Stone Soup version 0.21.1-1-g345015f (webtiles) character file.

56 Supreme the Conjurer (level 3, 0/19 HPs)
             Began as a Deep Elf Conjurer on Apr 11, 2018.
             Succumbed to an adder's poison
             ... on level 2 of the Dungeon.
             The game lasted 00:10:36 (950 turns).

Supreme the Conjurer (Deep Elf Conjurer)             Turns: 950, Time: 00:10:37

Health: 0/19       AC:  3    Str:  3 (5)  XL:     3   Next: 71%
Magic:  1/9        EV: 13    Int: 19 (20) God:
Gold:   86         SH:  0    Dex: 13 (15) Spells: 5/8 levels left

rFire    . . .     SeeInvis .   h - +0 short sword
rCold    . . .     Gourm    .   (no shield)
rNeg     . . .     Faith    .   a - +0 robe
rPois    .         Spirit   .   (no helmet)
rElec    .         Reflect  .   (no cloak)
rCorr    .         Harm     .   d - +0 pair of gloves
MR       .....     Rnd*Tele +   (no boots)
Stlth    ++........             (no amulet)
HPRegen  0.06/turn              f - ring of teleportation (curse)
MPRegen  0.11/turn              (no ring)

@: lethally poisoned (0 -> -6)
A: no striking features
a: no special abilities


You were on level 2 of the Dungeon.
You were not hungry.

You visited 1 branch of the dungeon, and saw 3 of its levels.

You collected 86 gold pieces.

Inventory:

Hand Weapons
 h - a +0 short sword (weapon)
 l - a +0 dagger
Armour
 a - a +0 robe (worn)
 d - a +0 pair of gloves (worn)
Jewellery
 f - a cursed ring of teleportation (left hand)
 k - an uncursed amulet of faith
Scrolls
 e - a scroll of enchant armour
 g - a scroll of identify
 i - a scroll of magic mapping
 j - a scroll of fear {unknown}
 m - a scroll of amnesia {unknown}
Books
 b - a book of Conjurations

   Spells                             Type                      Level
   a - Magic Dart                     Conjuration                  1
   b - Searing Ray                    Conjuration                  2
   c - Dazzling Spray                 Conjuration/Hexes            3
   d - Fulminant Prism                Conjuration/Hexes            4
   e - Force Lance                    Conjuration/Translocation    4
   f - Iskenderun's Mystic Blast      Conjuration                  4
Comestibles
 c - 5 rations


   Skills:
 + Level 2.5 Dodging
 + Level 3.1 Stealth
 + Level 3.3 Spellcasting
 * Level 5.5 Conjurations


You had 5 spell levels left.
You knew the following spells:

 Your Spells              Type           Power        Failure   Level  Hunger
a - Magic Dart            Conj           ###.         1%          1    None
b - Searing Ray           Conj           ###...       2%          2    ##.....


Dungeon Overview and Level Annotations

Branches:
Dungeon (3/15)

Altars:
Okawaru
Qazlal


Message History

The adder poisons you!
Casting: Magic Dart
Confirm with . or Enter, or press ? or * to list all spells.
Aiming: Magic Dart
Press: ? - help, Shift-Dir - straight line, f/p - adder
Aim: an adder (almost dead)
The magic dart hits the adder.
The adder is almost dead.
* * * LOW HITPOINT WARNING * * *
You feel sick. The adder closely misses you.
Casting: Magic Dart
Confirm with . or Enter, or press ? or * to list all spells.
Aiming: Magic Dart
Press: ? - help, Shift-Dir - straight line, f/p - adder
Aim: an adder (almost dead)
The magic dart hits the adder.
You kill the adder!
As you read the scroll of identify, it crumbles to dust.
i - a scroll of magic mapping You die...

##.....##...
##.............
#............^.
########..............
......................
######...............
#...............
#...............
#####.......@†..!...
#..†.>)......##.....
......############
#### ...### ..


There were no monsters in sight!

Vanquished Creatures
  2 adders (D:2)
  A worm (D:2)
  A leopard gecko (D:2)
  3 bats (D:1)
  6 goblins
  6 hobgoblins
  A ball python (D:1)
  2 frilled lizards
  5 kobolds
  7 rats (D:1)
34 creatures vanquished.

Notes
Turn   | Place    | Note
-------+----------+-------------------------------------------
     0 | D:1      | Supreme the Deep Elf Conjurer began the quest for the Orb.
     0 | D:1      | Reached XP level 1. HP: 10/10 MP: 6/6
    51 | D:2      | Found an iron altar of Okawaru.
    59 | D:2      | Found a stormy altar of Qazlal.
   197 | D:1      | Reached XP level 2. HP: 13/15 MP: 2/8
   209 | D:1      | Learned a level 2 spell: Searing Ray
   303 | D:1      | Reached skill level 5 in Conjurations
   446 | D:1      | Reached XP level 3. HP: 19/19 MP: 3/9
   950 | D:2      | Succumbed to an adder's poison

Skill      XL: |  1  2  3 |
---------------+----------+-----
Conjurations   | 5 |  5.5
Stealth        | 3 |  3.1
Dodging        | |  2.5
Spellcasting   | |  3.3

Action                   || total
-------------------------++-------
Melee: Short sword       ||     9
 Cast: Magic Dart        ||    62
       Searing Ray       ||     1
  Use: Scroll            ||     2
       Potion            ||     1
 Stab: Sleeping          ||     1
Armor: Robe              ||    12
Dodge: Dodged            ||    12
